AoeStats
← ITA | Raffy

Arena

504852926Analyzed
4v4 RM · 25d ago on Sep 6, 2026· 43m 25s· 8 players
Game mode
Random Map
Map size
Large (8 player)
Population
200
Speed
Normal
Resources
Standard
Victory
Conquest
Starting age
Dark Age
Ending age
Imperial Age
RankedLock teamsTeams togetherTeam positionsShared explorationLock speedFull tech treeHidden civsTurbo modeCheats
Victory
Defeat
🇨🇭 Bulgarians · Switzerland
1416
+16
🇲🇽 Malians · Mexico
1384
+18
🇺🇸 Dravidians · United States
1359
+19
🇺🇸 Bengalis · United States
1359
+19
🇮🇹 Teutons · Italy
1586
-25
🇮🇹 Bohemians · Italy
1431
-18
1415
-18
🇮🇹 Slavs · Italy
1247
-11
TestofOne
10:22 Feudal Age
11:45 Double-Bit Axe
14:29 Castle Age
13:52 Horse Collar
15:59 Loom
16:32 Heavy Plow
19:25 Wheelbarrow
21:25 Bow Saw
21:18 Scale Mail Armor
21:30 Town Watch
23:27 Hand Cart
23:21 Town Watch
24:37 Forging
24:54 Pikeman
25:57 Chain Mail Armor
26:17 Iron Casting
25:50 Gold Mining
26:30 Squires
26:21 Man-at-Arms
26:47 Arson
29:57 Imperial Age
27:03 Long Swordsman
27:28 Gambesons
27:44 Stone Mining
28:08 Masonry
28:52 Town Patrol
30:59 Wootz Steel
30:07 Two-Handed Swordsman
31:51 Blast Furnace
31:21 Plate Mail Armor
32:15 Chemistry
31:11 Elite Urumi Swordsman
32:45 Ballistics
32:20 Champion
32:23 Halberdier
34:01 Plate Mail Armor
NoobProElite
9:52 Feudal Age
10:38 Double-Bit Axe
10:35 Horse Collar
11:08 Loom
15:55 Castle Age
17:24 Bow Saw
17:55 Heavy Plow
21:41 Stone Mining
22:42 Wheelbarrow
23:27 Gold Mining
24:41 Hand Cart
25:38 Gold Shaft Mining
24:58 Town Watch
29:15 Imperial Age
27:31 Murder Holes
28:09 Ballistics
27:49 Fletching
27:59 Padded Archer Armor
28:05 Scale Barding Armor
28:10 Forging
28:04 Town Patrol
27:48 Treadmill Crane
29:10 Masonry
29:24 Bloodlines
29:14 Husbandry
28:35 Light Cavalry
29:40 Chain Barding Armor
29:16 Bodkin Arrow
29:36 Leather Archer Armor
29:35 Paiks
30:39 Iron Casting
31:19 Chemistry
31:00 Bracer
31:41 Ring Archer Armor
31:18 Elite Elephant Archer
34:05 Crop Rotation
34:37 Two-Man Saw
34:19 Plate Barding Armor
34:44 Blast Furnace
34:22 Siege Elephant
36:08 Caravan
39:24 Devotion
Macielinho
12:11 Feudal Age
15:59 Castle Age
14:13 Double-Bit Axe
14:43 Horse Collar
16:22 Loom
16:54 Bow Saw
19:03 Heavy Plow
20:46 Town Watch
24:06 Wheelbarrow
26:10 Gold Mining
26:31 Scale Barding Armor
26:37 Forging
29:01 Imperial Age
26:39 Husbandry
26:15 Light Cavalry
27:08 Bloodlines
28:45 Iron Casting
28:31 Chain Barding Armor
29:57 Farimba
30:17 Conscription
30:42 Plate Barding Armor
30:45 Scale Mail Armor
30:51 Man-at-Arms
31:31 Squires
31:17 Arson
32:38 Chain Mail Armor
32:07 Long Swordsman
32:47 Two-Handed Swordsman
33:52 Hand Cart
33:22 Champion
35:14 Plate Mail Armor
36:08 Gold Shaft Mining
37:14 Town Patrol
Reis
10:02 Feudal Age
14:50 Castle Age
13:54 Loom
14:21 Scale Barding Armor
18:39 Fletching
21:59 Bodkin Arrow
36:41 Double-Bit Axe
37:41 Horse Collar
41:17 Wheelbarrow
ITA | Frades89
8:28 Loom
10:41 Feudal Age
14:24 Castle Age
12:48 Double-Bit Axe
13:07 Horse Collar
15:38 Bow Saw
17:01 Fervor
21:32 Wheelbarrow
26:30 Imperial Age
24:09 Loom
24:40 Hand Cart
24:10 Town Watch
24:41 Scale Mail Armor
25:17 Forging
25:54 Chain Mail Armor
26:54 Chemistry
25:27 Pikeman
26:09 Squires
26:33 Halberdier
28:32 Plate Mail Armor
29:19 Iron Casting
30:43 Conscription
30:13 Arson
31:58 Blast Furnace
31:11 Heavy Plow
32:12 Padded Archer Armor
33:46 Leather Archer Armor
32:59 Houfnice
34:17 Wagenburg Tactics
35:43 Ring Archer Armor
36:09 Fletching
36:50 Bodkin Arrow
ITA | CivettaAviotrasportata
10:57 Feudal Age
15:04 Castle Age
13:43 Double-Bit Axe
13:43 Horse Collar
25:16 Fletching
25:46 Gold Mining
25:46 Stone Mining
38:13 Loom
ITA | GiaggiaZena
10:31 Feudal Age
14:54 Castle Age
12:51 Double-Bit Axe
13:05 Horse Collar
16:08 Bow Saw
19:47 Wheelbarrow
22:33 Gold Mining
23:54 Scale Mail Armor
27:08 Imperial Age
24:27 Loom
24:06 Pikeman
25:57 Squires
26:37 Forging
27:04 Gambesons
27:36 Chain Mail Armor
29:12 Chemistry
29:05 Onager
30:05 Halberdier
33:52 Ironclad
36:31 Plate Mail Armor
36:36 Iron Casting
ITA | Raffy
10:50 Feudal Age
14:35 Castle Age
12:33 Double-Bit Axe
13:05 Horse Collar
16:05 Bow Saw
16:53 Wheelbarrow
16:03 Loom
22:02 Hand Cart
22:03 Gold Mining
22:05 Stone Mining
23:29 Town Watch
23:31 Loom
27:25 Imperial Age
25:40 Gold Shaft Mining
25:21 Heavy Plow
26:26 Scale Mail Armor
26:38 Forging
27:03 Masonry
26:56 Pikeman
27:36 Squires
27:52 Halberdier
27:58 Halberdier
28:57 Chain Mail Armor
29:19 Iron Casting
29:25 Capped Ram
31:55 Conscription
32:10 Plate Mail Armor
33:07 Blast Furnace
35:08 Scale Barding Armor
35:13 Druzhina
35:13 Detinets
35:34 Man-at-Arms
36:42 Ballistics
37:23 Chemistry
36:47 Long Swordsman
37:20 Siege Ram
38:06 Fletching
38:54 Hoardings
37:57 Two-Handed Swordsman
Connection lost

Rejoining the realm…

Still unreachable

The connection could not be restored.

Session expired

The server has moved on; the page needs a fresh start.